 Dungeon Crawl Stone Soup version 0.17-a0-1830-g81820eb (webtiles) character file.

311 Oddball22 the Stinger (level 6, -7/48 HPs)
             Began as a Demonspawn Venom Mage on Sept 14, 2015.
             Was an Initiate of Sif Muna.
             Mangled by Duvessa
             ... wielding a +6 antimagic short sword
              (18 damage)
             ... on level 4 of the Dungeon.
             The game lasted 00:16:20 (4432 turns).

Oddball22 the Stinger (Demonspawn Venom Mage)       Turns: 4432, Time: 00:16:21

Health: -7/48      AC:  7    Str: 14    XL:     6   Next: 18%
Magic:  0/11       EV: 13    Int: 19    God:    Sif Muna [......]
Gold:   63         SH:  0    Dex: 15    Spells: 4 memorised, 2 levels left

rFire  . . .     SeeInvis .     f - +1 spear (venom)
rCold  + . .     Clarity  .     a - +0 robe
rNeg   . . .     SustAt   .     (no shield)
rPois  .         Gourm    .     g - +1 helmet
rElec  .         Spirit   .     (no cloak)
rCorr  .         Warding  .     d - +2 pair of gloves
rMut   .         Stasis   .     (no boots)
MR     .....                    (no amulet)
Stlth  ++........               e - ring of protection from cold
                                j - +3 ring of intelligence

@: mighty, not resistant to hostile enchantments, unstealthy
A: hooves 1, powered by pain 1
a: Renounce Religion


You were on level 4 of the Dungeon.
You worshipped Sif Muna.
Sif Muna was noncommittal.
You were not hungry.

You visited 2 branches of the dungeon, and saw 5 of its levels.

You collected 63 gold pieces.

Inventory:

Hand weapons
 f - a +1 spear of venom (weapon)
 o - a +5 whip
Armour
 a - a +0 robe (worn)
 d - a +2 pair of gloves (worn)
 g - a +1 helmet (worn)
Jewellery
 e - a ring of protection from cold (right hand)
 i - an uncursed ring of teleportation
 j - a +3 ring of intelligence (left hand)
 t - an uncursed amulet of resist mutation
Magical devices
 r - a wand of random effects (22)
Scrolls
 h - 2 scrolls of teleportation
 l - a scroll of fear
Potions
 m - 2 potions of curing {unknown}
 p - a potion of flight {unknown}
 q - a potion of lignification {unknown}
 s - a potion of degeneration {unknown}
Books
 b - a Young Poisoner's Handbook

   Spells                             Type                      Level
   a - Sting                          Conjuration/Poison           1
   b - Cure Poison                    Poison                       2
   c - Mephitic Cloud                 Conjuration/Poison/Air       3
   d - Olgreb's Toxic Radiance        Poison                       4
   e - Venom Bolt                     Conjuration/Poison           5
 u - a Grand Grimoire

   Spells                             Type                      Level
   a - Monstrous Menagerie            Summoning                    6
   b - Summon Greater Demon           Summoning                    7
   c - Malign Gateway                 Summoning/Translocation      7
   d - Summon Horrible Things         Summoning                    8
Comestibles
 c - 3 bread rations
 k - 2 chunks of flesh
 n - a fruit


   Skills:
 - Level 3.9 Fighting
 - Level 3.1 Dodging
 - Level 1.7 Stealth
 + Level 3.9 Spellcasting
 - Level 4.0 Poison Magic


You had 2 spell levels left.
You knew the following spells:

 Your Spells              Type           Power        Failure   Level  Hunger
a - Sting                 Conj/Pois      ##..         10%         1    None
b - Cure Poison           Pois           ###.......   6%          2    ##.....
c - Mephitic Cloud        Conj/Pois/Air  #.......     28%         3    ###....
d - Olgreb's Toxic Radia  Pois           ###.....     34%         4    ####...


Dungeon Overview and Level Annotations

Branches:
Dungeon (4/15)             Temple (1/1) D:4

Altars:
Ashenzari
Cheibriados
Fedhas
Gozag
Kikubaaqudgha
Makhleb
Okawaru
Ru
Sif Muna
Trog
Vehumet
Yredelemnul
Zin
The Shining One

Shops:
D:4 }

Annotations:
D:4 Duvessa


Innate Abilities, Weirdness & Mutations

You have large cloven feet.
You sometimes gain a little power by taking damage.


Message History

Duvessa screams in rage.
Duvessa goes berserk!
You have reached level 6!
Your experience leads to an increase in your attributes!
Your base attributes are Str 9, Int 16, Dex 14.
Increase (S)trength, (I)ntelligence, or (D)exterity?
You feel agile. Duvessa closely misses you.
You hit Duvessa but do no damage. You kick Duvessa, but do no damage.
Duvessa hits you with an antimagic short sword!
You feel your power leaking away.
You hit Duvessa.
Duvessa is lightly wounded.
Duvessa hits you with an antimagic short sword!!
* * * LOW HITPOINT WARNING * * *
You focus on the pain.
You feel very mighty all of a sudden.
You feel your power leaking away.
Duvessa hits you with an antimagic short sword!!
You die...

# #..### ##..######...........###
# #.## +...# #######........ #
#.## +...# #........... ###..#
#..####### #.##........ .###'#
#####........ #.##........ .#
#.###.#.......... #.##........
.###..##............ #.##........
.##..........####### #.##........
.##...........)e@# #.##........
.##..#...♣...#.#'#####..'........
.##.....♣.♣..........####........
.##....♣.♣.♣.........# #........
.##...♣.♣.♣.♣........#####'######
.##..♣.♣._.♣.♣.......#<....#
......♣.♣.♣.♣..............#
####...♣.♣.♣...............#
####....♣.♣................#


You could see Duvessa (berserk).

Vanquished Creatures
  Dowan (D:4)
  A hound (D:4)
  2 worker ants
  Terence (D:3)
  Robin (D:3)
  7 adders
  An ooze (D:3)
  2 worms
  5 bats
  12 hobgoblins
  8 kobolds
  3 quokkas
  7 giant cockroaches
  4 giant newts
  12 goblins
  3 jackals (D:1)
  7 rats (D:1)
77 creatures vanquished.

Notes
Turn   | Place    | Note
--------------------------------------------------------------
     0 | D:1      | Oddball22 the Demonspawn Venom Mage began the quest for the Orb.
     0 | D:1      | Reached XP level 1. HP: 13/13 MP: 3/3
   188 | D:1      | Reached skill level 1 in Fighting
   308 | D:1      | Found a snail-covered altar of Cheibriados.
   309 | D:1      | Gained mutation: You have large cloven feet. [demonic ancestry]
   309 | D:1      | Reached XP level 2. HP: 21/21 MP: 3/5
   646 | D:1      | Learned a level 2 spell: Cure Poison
  1166 | D:2      | Gained mutation: You sometimes gain a little power by taking damage. [demonic ancestry]
  1166 | D:2      | Reached XP level 3. HP: 17/27 MP: 0/6
  1380 | D:2      | Found an ancient bone altar of Kikubaaqudgha.
  1542 | D:2      | Learned a level 3 spell: Mephitic Cloud
  2135 | D:2      | Reached XP level 4. HP: 25/34 MP: 7/7
  2793 | D:3      | Noticed Robin
  2839 | D:4      | Found a staircase to the Ecumenical Temple.
  2846 | D:3      | Noticed Terence
  2896 | D:4      | Found Dutat's Gadget Shoppe.
  3194 | D:3      | Killed Terence
  3194 | D:3      | Reached XP level 5. HP: 29/41 MP: 1/9
  3294 | D:3      | Found a bloodstained altar of Trog.
  3500 | D:3      | Killed Robin
  3743 | D:3      | Learned a level 4 spell: Olgreb's Toxic Radiance
  3890 | D:4      | Found an iron altar of Okawaru.
  3981 | D:4      | Noticed Dowan
  4220 | Temple   | Entered the Ecumenical Temple
  4274 | Temple   | Became a worshipper of Sif Muna the Loreminder
  4414 | D:4      | Noticed Duvessa
  4430 | D:4      | Killed Dowan
  4430 | D:4      | Reached XP level 6. HP: 45/48 MP: 9/11
  4432 | D:4      | Mangled by Duvessa

Vault maps used:
D:1:      dpeg_arrival_concentric_ovals, cheibriados_altar_1
D:2:      lemuel_round_altar
D:3:      lightli_temple_of_fire, first_bread, minmay_fountain_box, st_stairs_5,
          uniq_robin, uniq_terence
D:4:      gammafunk_temple_overflow_wave, minmay_temple_entry_statues_fountains,
          serial_shops, nicolae_shop_trees, okawaru_trees_2, uniq_duvessa
Temple:   circular_temple_12

Action                   |  1- 3 |  4- 6 || total
-------------------------+-------+-------++-------
Melee: Whip              |    43 |    90 ||   133
       Short sword       |    39 |       ||    39
       Spear             |       |    28 ||    28
 Cast: Sting             |    54 |    35 ||    89
       Cure Poison       |       |     7 ||     7
  Use: Scroll            |     5 |     5 ||    10
       Potion            |       |     3 ||     3
 Stab: Sleeping          |       |     5 ||     5
  Eat: Chunk             |     4 |     8 ||    12
